 Dungeon Crawl Stone Soup version 0.23-a0-808-gd21de94 (console) character file.

275 bli the Insei (level 6, -6/47 HPs)
             Began as a Demonspawn Monk on Jan 20, 2019.
             Was a Follower of Ru.
             Mangled by Edmund
             ... wielding a +4 dire flail of holy wrath
              (12 damage)
             ... on level 4 of the Dungeon.
             The game lasted 00:14:59 (3415 turns).

bli the Insei (Demonspawn Monk)                     Turns: 3415, Time: 00:14:59

Health: -6/47      AC:  5    Str: 17      XL:     6   Next: 3%
Magic:  6/6        EV: 13    Int: 12      God:    Ru [*.....]
Gold:   251        SH:  0    Dex: 15 (16) Spells: 5/5 levels left

rFire    . . .     SeeInvis .     - Unarmed
rCold    . . .     Gourm    .   (no shield)
rNeg     . . .     Faith    .   p - +0 leather armour
rPois    .         Spirit   .   (no helmet)
rElec    .         Reflect  .   s - +0 cloak (curse)
rCorr    .         Harm     .   t - +0 pair of gloves
MR       .....                  (no boots)
Stlth    +++.......             u - amulet of inaccuracy (curse)
HPRegen  0.15/turn              n - +5 ring of strength
MPRegen  0.10/turn              y - +4 ring of slaying

@: no status effects
A: nightstalker 1, inability to train armour, sturdy frame 1
a: Renounce Religion


You were on level 4 of the Dungeon.
You worshipped Ru.
Ru was aware of your devotion.
You were not hungry.

You visited 1 branch of the dungeon, and saw 4 of its levels.

You collected 251 gold pieces.

Inventory:

Missiles
 g - 122 stones (quivered)
 h - 2 throwing nets
 q - 22 sling bullets
Armour
 a - a +0 robe
 j - a +0 buckler
 o - a +0 ring mail
 p - a +0 leather armour (worn)
 s - a cursed +0 cloak (worn)
 t - a +0 pair of gloves (worn)
Jewellery
 n - a +5 ring of strength (left hand)
 u - a cursed amulet of inaccuracy (around neck)
 w - an uncursed ring of protection from fire {unknown}
 y - a +4 ring of slaying (right hand)
Wands
 i - a wand of iceblast (6)
Scrolls
 e - 5 scrolls of identify
 f - a scroll of remove curse {unknown}
 k - 3 scrolls of random uselessness {unknown}
 m - 2 scrolls of teleportation {unknown}
 v - a scroll of magic mapping {unknown}
 z - a scroll of blinking {unknown}
 A - a scroll of fear {unknown}
Potions
 c - 2 potions of degeneration
 d - 2 potions of flight
 l - a potion of curing
 r - a potion of haste {unknown}
 x - a potion of brilliance
Comestibles
 b - 6 rations


   Skills:
 + Level 3.1 Fighting
 + Level 3.3 Dodging
 + Level 2.5 Stealth
 * Level 5.5 Unarmed Combat


You had 5 spell levels left.
You didn't know any spells.
Your spell library was empty.

Dungeon Overview and Level Annotations

Branches:
Dungeon (4/15)             Temple (0/1) D:4

Altars:
Ashenzari
Fedhas
Okawaru
Qazlal
Ru
Wu Jian
Xom

Annotations:
D:4 Edmund


Innate Abilities, Weirdness & Mutations

You are slightly more attuned to the shadows.
You cannot train Armour skill.
Your movements are slightly less encumbered by armour. (ER -2)


Message History

Edmund is lightly wounded.
Unknown command.
There is a stone staircase leading up here.
Edmund barely misses you.
You climb upwards.
There is a stone staircase leading down here.
You hit Edmund.
Edmund is lightly wounded.
Edmund barely misses you.
You closely miss Edmund.
Edmund is lightly wounded.
Edmund misses you.
You hit Edmund.
Edmund is lightly wounded.
Edmund hits you but does no damage.
You climb downwards.
There is a stone staircase leading up here.
Edmund gestures with his flail.
Edmund hits you with a +4 dire flail of holy wrath!
You die...

........................
..............##.#.###..
....................##..
..............##........
..............##....##.#
....................##.#
........................ ......
.......................# .......
.....................#.. .......
..............#......#.# .......
.......@@<.............. ....#.#
............#.#.........
....#.################.#........#
......#.. .................
.#....#.##############.##.###.###
...>..#.##...#.....).......^....
##.#..#.##...#.....###'##.###.#
........................#.# #.#.#
#..#..#.##...#..>.......#.. .....
...#..#.##...#..........#####.#.#
...#..#.##...#..........# #.#.#


You could see Edmund.

Vanquished Creatures
  A howler monkey (D:4)
  A centaur skeleton (D:4)
  Ijyb (D:3)
  An iguana (D:4)
  An orc wizard (D:4)
  A worker ant (D:4)
  3 adders
  An ooze (D:1)
  A worm (D:3)
  2 dart slugs (D:2)
  3 leopard geckos
  4 orcs
  A ball python (D:1)
  4 giant cockroaches
  5 goblins
  7 hobgoblins
  9 kobolds
  2 quokkas
  9 bats
  6 frilled lizards
  7 rats
70 creatures vanquished.

Notes
Turn   | Place    | Note
-------+----------+-------------------------------------------
     0 | D:1      | bli the Demonspawn Monk began the quest for the Orb.
     0 | D:1      | Reached XP level 1. HP: 18/18 MP: 1/1
   363 | D:1      | Reached skill level 3 in Unarmed Combat
   455 | D:1      | Gained mutation: You are slightly more attuned to the
                  | shadows. [demonic ancestry]
   455 | D:1      | Reached XP level 2. HP: 17/24 MP: 2/2
   989 | D:1      | Reached XP level 3. HP: 29/29 MP: 3/3
  1226 | D:2      | Found an ornate altar of the Wu Jian Council.
  1328 | D:2      | Found a stormy altar of Qazlal.
  1333 | D:2      | Found a shimmering altar of Xom.
  1499 | D:2      | Found an iron altar of Okawaru.
  1555 | D:2      | Reached skill level 4 in Unarmed Combat
  1685 | D:2      | Gained mutation: Your movements are slightly less
                  | encumbered by armour. (ER -2) [demonic ancestry]
  1685 | D:2      | Reached XP level 4. HP: 22/35 MP: 4/4
  1763 | D:2      | Found a faded altar of an unknown god.
  2052 | D:3      | Found a blossoming altar of Fedhas.
  2322 | D:3      | Found a sacrificial altar of Ru.
  2330 | D:3      | Became a worshipper of Ru the Awakened
  2337 | D:3      | Gained mutation: You cannot train Armour skill. [Ru
                  | sacrifice]
  2337 | D:3      | Reached * piety under Ru
  2443 | D:3      | Noticed Ijyb
  2490 | D:3      | Killed Ijyb
  2720 | D:4      | Reached XP level 5. HP: 38/41 MP: 5/5
  2777 | D:4      | Reached skill level 5 in Unarmed Combat
  3134 | D:4      | Noticed an ogre
  3202 | D:4      | Found a staircase to the Ecumenical Temple.
  3205 | D:4      | Found a shattered altar of Ashenzari.
  3333 | D:4      | Reached XP level 6. HP: 46/47 MP: 6/6
  3367 | D:4      | Noticed Edmund
  3415 | D:4      | Mangled by Edmund

Vault maps used:
D:1:      psy_arrival_heroes
D:2:      nicolae_overflow_hidden_temple, okawaru_ov_weapons_minmay,
          grunt_temple_overflow_open, chequers_ecumenical_altar_grove
D:3:      hangedman_ru_absence, lemuel_doored_altar, uniq_ijyb
D:4:      ashenzari_altar_1, kennysheep_little_box, temple_statues,
          first_ration, uniq_edmund

Skill      XL: |  1  2  3  4  5 |
---------------+----------------+-----
Unarmed Combat | 3 4 5 |  5.5
Dodging        | 3 |  3.3
Stealth        | 2 |  2.5
Fighting       | |  3.1

Action                   |  1- 3 |  4- 6 || total
-------------------------+-------+-------++-------
Melee: Unarmed           |   175 |   176 ||   351
       Punch             |     2 |     3 ||     5
Throw: Stone             |       |     4 ||     4
Invok: Sacrifice Durabil |       |     1 ||     1
  Use: Potion            |       |     4 ||     4
       Scroll            |       |     1 ||     1
 Stab: Distracted        |     1 |     1 ||     2
       Sleeping          |     5 |     6 ||    11
  Eat: Chunk             |     3 |     5 ||     8
Armor: Robe              |    36 |     4 ||    40
       Leather armour    |       |    34 ||    34
Dodge: Dodged            |   126 |   111 ||   237

Table legend:
 A = Non-vault XP
 B = Vault XP
 C = Vault XP percentage of total XP
 D = Non-vault monster count
 E = Vault monster count
 F = Vault count percentage of total count
                 A         B        C        D         E       F
            +---------+---------+-------+---------+---------+-------
      Total |     356 |      38 |   9.6 |      69 |       1 |   1.4
            +---------+---------+-------+---------+---------+-------
        D:1 |      45 |       0 |   0.0 |      25 |       0 |   0.0
        D:2 |      54 |       0 |   0.0 |      16 |       0 |   0.0
        D:3 |      53 |      38 |  41.8 |      21 |       1 |   4.5
        D:4 |     204 |       0 |   0.0 |       7 |       0 |   0.0
            +---------+---------+-------+---------+---------+-------
